 Dungeon Crawl Stone Soup version 0.23.2-1-ga50397a6bc (webtiles) character file.

Game seed: 7302314597989010852

190 Norn the Conjurer (level 5, 0/34 HPs)
             Began as an Octopode Wizard on May 5, 2019.
             Slain by an ogre
             ... wielding a +0 giant club
              (24 damage)
             ... on level 4 of the Dungeon on May 6, 2019.
             The game lasted 00:08:28 (4501 turns).

Norn the Conjurer (Octopode Wizard)                 Turns: 4501, Time: 00:08:29

Health: 0/34       AC:  1    Str:  7    XL:     5   Next: 69%
Magic:  3/10       EV: 13    Int: 21    God:
Gold:   72         SH:  0    Dex: 10    Spells: 5/11 levels left

rFire    . . .     SeeInvis .   f - +0 dagger (flame)
rCold    . . .     Gourm    .   (no shield)
rNeg     . . .     Faith    .   a - +0 hat
rPois    .         Spirit   .   (no amulet)
rElec    .         Reflect  .   (no ring)
rCorr    .         Harm     .   (no ring)
MR       .....                  (no ring)
Stlth    +++.......             (no ring)
HPRegen  0.11/turn              (no ring)
MPRegen  0.12/turn              (no ring)
                                (no ring)
                                (no ring)

@: no status effects
A: almost no armour, stealthy swim, amphibious, 8 rings, constrict 8, camouflage
1, gelatinous body 1
a: no special abilities


You were on level 4 of the Dungeon.
You were not hungry.

You visited 1 branch of the dungeon, and saw 4 of its levels.

You collected 72 gold pieces.

Inventory:

Hand Weapons
 f - a +0 dagger of flaming (weapon)
   (You took it off a goblin on level 1 of the Dungeon)
Armour
 a - a +0 hat (worn)
Jewellery
 k - an uncursed ring of positive energy {unknown}
   (You found it on level 3 of the Dungeon)
Scrolls
 b - a scroll of fear
Potions
 c - 2 potions of haste {unknown}
 d - a potion of curing {unknown}
 h - a potion of berserk rage {unknown}
 l - a potion of heal wounds {unknown}
 m - a potion of cancellation {unknown}
 o - a potion of resistance {unknown}
Comestibles
 e - 5 rations {!d}


   Skills:
 + Level 2.3 Fighting
 - Level 2.0 Dodging
 - Level 2.6 Stealth
 + Level 3.8 Spellcasting
 * Level 3.8 Conjurations
 - Level 1.0 Summonings
   Level 1.0 Translocations


You had 5 spell levels left.
You knew the following spells:

 Your Spells              Type           Power        Failure   Level  Hunger
a - Magic Dart            Conj           ###.         2%          1    None
f - Mephitic Cloud        Conj/Pois/Air  #.......     22%         3    ###....
x - Call Imp              Summ           #.......     12%         2    #......

Your spell library contained the following spells:

 Spells                   Type           Power        Failure   Level  Hunger
 Blink                    Tloc           N/A          12%         2    #......
 Conjure Flame            Conj/Fire      ##......     17%         3    ###....
 Slow                     Hex            #.......     19%         2    #......


Dungeon Overview and Level Annotations

Branches:
Dungeon (4/15)
 Temple: D:4-7

Altars:
Trog


Innate Abilities, Weirdness & Mutations

You cannot wear most types of armour.
You are very stealthy in the water. (Stealth+)
You are amphibious.
You can wear up to eight rings at the same time.
You can use your tentacles to constrict eight enemies at once.
Your skin changes colour to match your surroundings (Stealth+).
Your rubbery body absorbs attacks. (AC +1, EV +1)


Message History

You climb downwards.
You hear the sound of rushing water.
There is an entrance to a sewer on this level.
Hurry and find it before the portal rusts away!
A worm comes into view.
There is a stone staircase leading up here.
You hear the sound of rushing water.
There is an entrance to a sewer on this level.
Hurry and find it before the portal rusts away!
Welcome back, Norn the Octopode Wizard.
Aim: a worm (resting)
The magic dart hits the worm.
Aim: a worm The magic dart hits the worm.
Aim: a worm (lightly wounded)
The magic dart hits the worm.
Aim: a worm (lightly wounded)
The magic dart hits the worm.
You hear the slow rusting of a distant drain.
Aim: a worm (moderately wounded)
The magic dart hits the worm.
Aim: a worm (heavily wounded)
The magic dart hits the worm.
The worm bites you!
You hit the worm but do no damage. You grab the worm. You constrict the worm.
You hit the worm. You burn the worm. You constrict the worm.
You kill the worm!
There is a stone staircase leading up here.
You eat one of the 6 rations {!d}.
That ration really hit the spot!
You start resting.
You start resting.
You hear the slow rusting of a distant drain.
You hear the rusting of a distant drain.
An ogre comes into view. It is wielding a +0 giant club.
An ogre is nearby!
An ogre is nearby!
Aim: an ogre, wielding a +0 giant club (hasn't noticed you)
The magic dart hits the ogre.
Aim: an ogre, wielding a +0 giant club (lightly wounded)
The magic dart hits the ogre!
Aim: an ogre, wielding a +0 giant club (moderately wounded)
The magic dart hits the ogre.
Aim: an ogre, wielding a +0 giant club (heavily wounded)
The magic dart hits the ogre.
Aim: an ogre, wielding a +0 giant club (severely wounded)
The magic dart hits the ogre.
Aim: an ogre, wielding a +0 giant club (almost dead)
The magic dart hits the ogre.
The ogre hits you with a +0 giant club!
Aim: an ogre, wielding a +0 giant club (almost dead)
The magic dart hits the ogre but does no damage.
The ogre hits you with a +0 giant club!!
Ouch! That really hurt!
You die...

.........# #
#######<## #
........#####.# #
#######......^#
######.####...
#......#
#.###############
#.# #.O...... #.#
#@#
######.#######.#
#...............#
#.###############


You could see an ogre.

Vanquished Creatures
  A bullfrog skeleton (D:4)
  3 adders (D:2)
  A gnoll (D:3)
  4 worms
  3 dart slugs
  4 leopard geckos
  5 orcs (D:3)
  4 bats
  5 giant cockroaches
  12 goblins
  11 hobgoblins
  9 jackals
  5 quokkas
  7 frilled lizards
  12 kobolds
  8 rats
94 creatures vanquished.

Notes
Turn   | Place    | Note
-------+----------+-------------------------------------------
     0 | D:1      | Norn the Octopode Wizard began the quest for the Orb.
     0 | D:1      | Reached XP level 1. HP: 11/11 MP: 4/4
   218 | D:1      | Reached XP level 2. HP: 9/18 MP: 0/6
   728 | D:1      | Reached skill level 1 in Fighting
   753 | D:1      | Reached XP level 3. HP: 21/23 MP: 0/7
  1320 | D:2      | Reached XP level 4. HP: 28/28 MP: 2/9
  2047 | D:2      | Found a bloodstained altar of Trog.
  2641 | D:3      | Learned a level 2 spell: Call Imp
  2645 | D:3      | Learned a level 3 spell: Mephitic Cloud
  2817 | D:3      | Reached XP level 5. HP: 34/34 MP: 2/10
  4494 | D:4      | Noticed an ogre
  4501 | D:4      | Slain by an ogre

Skill      XL: |  1  2  3  4 |
---------------+-------------+-----
Conjurations   | 2 3 |  3.8
Fighting       | 1 2 |  2.3
Dodging        | |  2.0
Stealth        | |  2.6
Spellcasting   | |  3.8
Summonings     | |  1.0
Translocations | |  1.0

Action                   |  1- 3 |  4- 6 || total
-------------------------+-------+-------++-------
Melee: Dagger            |    11 |    17 ||    28
       Constrict         |     3 |     5 ||     8
       Tentacles         |       |     3 ||     3
 Cast: Magic Dart        |    68 |   173 ||   241
       Call Imp          |       |     1 ||     1
  Use: Scroll            |       |     4 ||     4
 Stab: Sleeping          |       |     1 ||     1
  Eat: Chunk             |     1 |     8 ||     9
       Ration            |       |     1 ||     1
Armor: Skin              |       |     1 ||     1
Dodge: Dodged            |    13 |    13 ||    26
